[Event "Ceara-ch 2019"]
[Site "Fortaleza"]
[Date "2019.11.18"]
[Round "1.5"]
[White "Lima, Helio Viana Correia"]
[Black "Barreto, Paulo Robson Rodrigu"]
[Result "0-1"]
[ECO "A45"]
[WhiteElo "1950"]
[BlackElo "1692"]
[Annotator "NA RC"]
[PlyCount "142"]
[EventDate "2019.11.17"]
[EventType "tourn"]
[EventCountry "BRA"]
[SourceTitle "playchess.com"]
[Source "ChessBase"]
[SourceQuality "1"]
[TimeControl "5400+30"]

1. d4 Nf6 2. Bf4 c5 3. e3 Qb6 4. Nc3 a6 5. a3 (5. Bc4 cxd4 6. exd4 e6 7. Nge2 d5 8. Bb3 Bd7 9. O-O Be7 10. Qe1 O-O 11. Rd1 Nc6 {1-0 (23) Aronian,L (2767)-Giri,A (2782) chess.com INT 2018}) 5... cxd4 6. exd4 {[%emt 0:00:21] A45: Trompowsky Attack} Nc6 7. Nf3 d5 8. h3 Bf5 9. Bd3 Be4 $146 ({Predecessor:} 9... Bxd3 10. Qxd3 e6 11. O-O {0-1 (34) Adocchio,G (2157)-Norowitz,Y (2412) Reykjavik 2018}) 10. O-O e6 11. Re1 Bxd3 12. Qxd3 Be7 13. b4 O-O 14. Na4 Qa7 15. Nc5 b6 16. Nb3 Rac8 17. Rac1 Rfd8 18. c4 dxc4 19. Rxc4 Nd5 20. Bh2 b5 21. Rcc1 Nb6 22. Qe4 Nc4 23. Red1 (23. Nc5 $11) 23... Rd5 24. Ra1 ({White should try} 24. Nc5 $1 $15 Kh8 25. Na4) 24... Rcd8 25. Rdc1 Bf6 26. Qg4 (26. Bf4 $17) 26... Nxd4 27. Nfxd4 Bxd4 28. Nxd4 Qxd4 29. Qxd4 Rxd4 30. Bc7 R8d7 31. Bg3 f6 32. Kh2 Kf7 33. a4 f5 34. f3 Rd2 35. axb5 axb5 36. Be1 Rb2 37. Rd1 Rxd1 38. Rxd1 Ne3 39. Rd7+ Kg6 40. Rxg7+ Kxg7 41. Bc3+ Kf7 42. Bxb2 Nd5 43. Ba3 e5 ({Black should play} 43... f4 $17 44. Kg1 Kf6) 44. Kg1 $2 (44. g4 $17) 44... Ne3 ({Black should try} 44... f4 $19 45. Kf2 Ke6) 45. Bb2 (45. Bc1 $1 $15 Nc2 46. Bd2) 45... Ke6 46. Bc1 $2 {[%emt 0:00:36] [#]} (46. g3 $17 {keeps fighting.}) 46... Nd5 $2 ({Black should try} 46... Nc2 $1 $19 47. Kf2 Nxb4) 47. Bd2 $1 Ne7 48. Kf2 {[%emt 0:00:11] [#]} Kd5 $1 49. g4 $1 f4 50. h4 Kc4 51. Ke2 {[%emt 0:00:14] [#]} (51. h5 $11 {remains equal.}) 51... Nd5 $11 ({Black should try} 51... Nc6 $1 $19 52. g5 Nd4+ 53. Kf2 Ne6) 52. g5 Ne7 53. Be1 Nf5 54. h5 Ne7 55. Bd2 Nf5 56. Be1 h6 57. g6 Ng7 58. Bh4 Nxh5 59. Be7 Kd5 60. Bf8 Ke6 61. Bxh6 Kf6 62. Bf8 Kxg6 63. Kd3 Kf5 64. Bd6 Ng7 65. Bc5 Ne6 66. Ba7 Ng5 67. Ke2 Ke6 68. Bc5 Kd5 69. Be7 Ne6 70. Bf6 Nd4+ 71. Kf2 Nc6 0-1

[Event "Ceara-ch 2019"]
[Site "Fortaleza"]
[Date "2019.11.19"]
[Round "2.1"]
[White "Da Justa, Saulo Freitas"]
[Black "Barreto, Paulo Robson Rodrigu"]
[Result "1/2-1/2"]
[ECO "A16"]
[WhiteElo "1911"]
[BlackElo "1692"]
[Annotator "NA RC"]
[PlyCount "105"]
[EventDate "2019.11.17"]
[EventType "tourn"]
[EventCountry "BRA"]
[SourceTitle "playchess.com"]
[Source "ChessBase"]
[SourceQuality "1"]
[TimeControl "5400+30"]

1. Nf3 Nf6 2. c4 g6 3. Nc3 d5 4. cxd5 Nxd5 5. e4 Nxc3 6. bxc3 Bg7 7. Bc4 O-O 8. O-O c5 9. h3 Nc6 10. Bd5 Qc7 11. Ba3 e6 12. Bc4 b6 13. Rc1 Bb7 14. Qe2 Rfd8 15. Rfd1 Ne5 16. Bb2 (16. Nxe5 $15 Qxe5 17. d3) 16... a6 (16... Nxc4 $17 17. Qxc4 Qd7) 17. a4 Bc6 18. Nxe5 Qxe5 ({Much less strong is} 18... Bxe5 19. d4 $17) 19. Bxa6 Bxa4 ({But not} 19... Bxe4 20. Bb5 $15) 20. Re1 Qd6 (20... Qb8 $19 21. Bd3 Qd6) 21. Ba1 (21. d4 $17 {was called for.}) 21... Qxd2 22. Qf1 Qd6 23. Be2 Bh6 24. e5 Qc7 ({Weaker is} 24... Qxe5 25. Bf3 $19) 25. f4 {[%emt 0:00:00] [#]} Rd2 (25... c4 $1 $19 26. Bxc4 Bc6) 26. c4 Rad8 27. Bc3 R2d7 28. Qf3 Bc6 29. Qf2 Be4 30. g4 (30. Bd1 $17) 30... Bd3 31. g5 Bg7 32. Red1 (32. Qf3 $17 {is a better defense.}) 32... Qc6 33. Qe3 Be4 34. Kf2 Rxd1 35. Rxd1 Rxd1 36. Bxd1 Bf5 37. Bf3 Qa4 38. Be2 Qc2 39. h4 Bg4 ({Black should play} 39... h5 $17 40. Bd2 Qb1) 40. Bd2 Bxe2 41. Qxe2 Qb3 42. Be3 Bf8 43. Qf1 Qb2+ 44. Qe2 Qxe2+ (44... Qb1 $17 45. h5 gxh5 46. Qxh5 b5 47. cxb5 Qxb5) 45. Kxe2 Be7 46. Kd3 Kf8 47. Kc3 Ke8 48. Kb3 Kd7 49. Ka4 Kc6 50. Bf2 Bd8 51. Be3 Bc7 52. Bf2 Bd8 $11 53. Be3 1/2-1/2

[Event "Ceara-ch 2019"]
[Site "Fortaleza"]
[Date "2019.11.19"]
[Round "2.2"]
[White "Brandao, Marcius Gomes"]
[Black "Lima, Helio Viana Correia"]
[Result "1/2-1/2"]
[ECO "C01"]
[WhiteElo "2002"]
[BlackElo "1950"]
[Annotator "NA RC"]
[PlyCount "41"]
[EventDate "2019.11.17"]
[EventType "tourn"]
[EventCountry "BRA"]
[SourceTitle "playchess.com"]
[Source "ChessBase"]
[SourceQuality "1"]
[TimeControl "5400+30"]

1. c4 e6 2. e4 d5 3. exd5 exd5 4. d4 c6 5. Nf3 Bd6 6. Nc3 Ne7 7. Bd3 h6 8. O-O {[%emt 0:00:04] C01: French: Exchange Variation} Be6 9. cxd5 Bxd5 $146 (9... cxd5 $11 10. Nb5 Nbc6) ({Predecessor:} 9... Nxd5 10. Nxd5 cxd5 11. Re1 O-O 12. Ng5 Nc6 13. Nxe6 fxe6 14. Qg4 Rf6 15. Bd2 Qe8 {1-0 (24) Fishbein,A (2515)-Sevillano,E (2470) Chicago 1996}) 10. Ne4 (10. Nh4 $16) 10... Bxe4 11. Bxe4 Nd7 12. Re1 Nf6 13. Bc2 Qc7 (13... O-O $11) 14. Ne5 O-O 15. Qf3 Ned5 16. g4 Rfe8 17. Qg3 (17. Bf4 $17) 17... Nd7 (17... c5 $19 {and Black stays clearly on top.} 18. f4 cxd4) 18. f4 {[%emt 0:03:47] [#]} Nf8 (18... f6 $1 $17 19. Nd3 Qb6) 19. Bd2 Re7 (19... f6 $17 20. Nd3 Ne6) 20. Bb3 Rae8 21. Qf2 $11 1/2-1/2

[Event "Ceara-ch 2019"]
[Site "Fortaleza"]
[Date "2019.11.19"]
[Round "2.5"]
[White "Palacio, Igor Da Paz"]
[Black "Parente, Renan Braz"]
[Result "1/2-1/2"]
[ECO "C00"]
[WhiteElo "2160"]
[BlackElo "2219"]
[Annotator "ChessBase"]
[PlyCount "141"]
[EventDate "2019.11.17"]
[EventType "tourn"]
[EventCountry "BRA"]
[SourceTitle "playchess.com"]
[Source "ChessBase"]
[SourceQuality "1"]
[TimeControl "5400+30"]

1. e4 e6 2. d3 d5 3. Nd2 Nf6 4. Ngf3 c5 5. g3 Nc6 6. Bg2 Be7 7. O-O O-O 8. Re1 b5 9. a3 Bb7 10. e5 Nd7 11. h4 Qc7 12. Qe2 Rfc8 13. c3 a5 14. Nf1 d4 15. a4 dxc3 16. bxc3 b4 17. Bb2 bxc3 18. Bxc3 Nb6 19. Ne3 Nb4 20. Nc4 Bc6 21. Nxb6 Qxb6 22. Red1 Qa6 23. Ne1 Bxg2 24. Nxg2 Nd5 25. Be1 c4 26. dxc4 Qxc4 27. Qf3 Bb4 28. Ne3 Nxe3 29. Qxe3 Qc5 30. Qxc5 Rxc5 31. Bxb4 axb4 32. Rdb1 Rb8 33. a5 Rxe5 34. a6 Reb5 35. a7 Ra8 36. Ra4 f6 37. Rbxb4 Rxb4 38. Rxb4 Rxa7 39. Rb6 Kf7 40. Rc6 e5 41. Rb6 Kg6 42. Kg2 Kf5 43. Rb4 g6 44. Rb5 Ra6 45. Rb7 h6 46. Rh7 h5 47. Rb7 Ke6 48. Rg7 Kf5 49. Rb7 Ra2 50. Rb6 e4 51. Rb3 Rd2 52. Rb5+ Ke6 53. Rb8 f5 54. Kf1 Kf7 55. Rb6 Rd3 56. Kg2 f4 57. Rb4 f3+ 58. Kh3 Rd1 59. Kh2 Re1 60. Rb6 Rf1 61. Rb2 Kg7 62. Ra2 Re1 63. g4 hxg4 64. Kg3 Re2 65. Ra3 e3 66. Kxg4 exf2 67. Rxf3 Kh6 68. Rf8 Kg7 69. Rf3 Ra2 70. Kg3 Kh6 71. Rxf2 1/2-1/2

[Event "Ceara-ch 2019"]
[Site "Fortaleza"]
[Date "2019.11.23"]
[Round "3.4"]
[White "Lima, Helio Viana Correia"]
[Black "Lima, Alan Elkinson Lopes "]
[Result "1/2-1/2"]
[ECO "E11"]
[WhiteElo "1950"]
[BlackElo "1928"]
[Annotator "NA RC"]
[PlyCount "61"]
[EventDate "2019.11.17"]
[EventType "tourn"]
[EventCountry "BRA"]
[SourceTitle "playchess.com"]
[Source "ChessBase"]
[SourceQuality "1"]
[TimeControl "5400+30"]

1. d4 Nf6 2. c4 e6 3. Nf3 Bb4+ 4. Nbd2 b6 5. a3 Bxd2+ 6. Nxd2 Bb7 {[%emt 0:01:55] E11: Bogo-Indian} 7. e3 d6 8. Bd3 Nbd7 9. O-O Qe7 $146 ({Predecessor:} 9... O-O 10. b4 a5 11. Bb2 axb4 12. axb4 Rxa1 13. Qxa1 Qa8 14. f3 Qxa1 15. Rxa1 {½-½ (51) Demidov,M (2514)-Roy,P (2403) Pardubice 2016}) 10. e4 e5 11. d5 Nc5 12. Bc2 a5 13. b3 Bc8 14. h3 O-O 15. Bb2 Ne8 16. f4 exf4 17. Rxf4 f5 (17... Nd7 $16 {was necessary.}) 18. Qf3 fxe4 (18... g5 $16 {was called for.}) 19. Nxe4 Rxf4 20. Qxf4 Nxe4 21. Bxe4 Nf6 {[%emt 0:00:40] [#]} 22. Bd3 $2 (22. Re1 $1 $18 {is the precise move to win.} Nh5 23. Qf1) 22... Bd7 23. a4 (23. Rf1 $16) 23... Re8 24. Bd4 Nh5 $1 25. Qf3 Qh4 26. Bf2 Qg5 27. h4 (27. Rf1 $1 $14) 27... Qg4 28. Qxg4 Bxg4 29. g3 Nf6 30. Kg2 Kf7 31. Rf1 $17 (31. Bd4 $11 {remains equal.}) 1/2-1/2

[Event "Ceara-ch 2019"]
[Site "Fortaleza"]
[Date "2019.11.23"]
[Round "3.5"]
[White "Barreto, Paulo Robson Rodrigu"]
[Black "Brandao, Marcius Gomes"]
[Result "1-0"]
[ECO "B27"]
[WhiteElo "1692"]
[BlackElo "2002"]
[Annotator "NA RC"]
[PlyCount "111"]
[EventDate "2019.11.17"]
[EventType "tourn"]
[EventCountry "BRA"]
[SourceTitle "playchess.com"]
[Source "ChessBase"]
[SourceQuality "1"]
[TimeControl "5400+30"]

1. e4 c5 2. Nf3 g6 3. c3 Bg7 4. d4 cxd4 5. cxd4 d5 6. e5 Bg4 7. Bb5+ Nc6 8. Bxc6+ bxc6 9. Nbd2 f6 {[%emt 0:00:56] B27: Sicilian: 2 Nf3, unusual Black 2nd moves} (9... a5 10. h3 Bf5 11. O-O a4 12. Re1 Qb6 13. Nb1 Bd7 14. Nc3 Qa7 15. Bf4 e6 16. Qd2 c5 17. dxc5 Qxc5 {1-0 (53) Berelowitsch,A (2522)-Cicak,S (2512) Germany 2017}) 10. O-O Nh6 11. h3 Bf5 12. exf6 $146 ({Predecessor:} 12. Re1 O-O 13. g4 Bc8 14. e6 Qd6 15. Qe2 c5 16. dxc5 Qxc5 17. Nb3 {1-0 (71) Gutmakher,O (2226)-Barbier,A (1815) Heraklio 2017}) 12... exf6 13. Re1+ Kf7 14. g4 Bd7 15. Nb3 Re8 16. Bf4 g5 17. Bg3 Rxe1+ 18. Qxe1 Bf8 19. Qd2 Kg7 20. Rc1 Nf7 21. Nc5 Nd6 (21... h5 $11 {remains equal.}) 22. Qc2 Rc8 23. Nd2 Nb5 24. Ndb3 Bxc5 25. Qxc5 Qf8 (25... Nc7 $142 26. Re1 (26. Qxa7 Ne6 $16) 26... Ne6) 26. Qxf8+ (26. a4 $18) 26... Kxf8 27. a4 Nc7 28. Bd6+ Kf7 29. Nc5 Ne8 30. Bg3 ({Reject} 30. Nxd7 $6 Nxd6 31. Kg2 h5 $11) 30... Be6 31. Re1 Ng7 32. f4 f5 (32... gxf4 $1 $11 33. Bxf4 Rg8) 33. fxg5 fxg4 34. Be5 Nf5 $2 (34... Ne8 {is a better defense.} 35. h4 Bf5) 35. hxg4 Nh4 36. Rf1+ Ke7 37. Rf6 Bf7 38. Bd6+ Ke8 39. Rf2 Ng6 40. b4 Bg8 41. a5 Rd8 42. Bc7 Rc8 43. Bg3 Ke7 44. Rf6 Bf7 45. Nb7 Bg8 (45... Be6 {was called for.} 46. Bd6+ Kd7) 46. a6 Kd7 47. Nc5+ Ke7 48. Bd6+ Ke8 49. Rf2 Rd8 50. Nb7 Rc8 51. Bc5 Ra8 52. Rf6 Kd7 53. Rd6+ Kc7 54. Na5 Ne7 55. Rf6 Re8 56. Bxa7 $18 1-0

[Event "Ceara-ch 2019"]
[Site "Fortaleza"]
[Date "2019.11.24"]
[Round "4.2"]
[White "Lima, Alan Elkinson Lopes "]
[Black "Barreto, Paulo Robson Rodrigu"]
[Result "1/2-1/2"]
[ECO "E06"]
[WhiteElo "1928"]
[BlackElo "1692"]
[Annotator "NA RC"]
[PlyCount "41"]
[EventDate "2019.11.17"]
[EventType "tourn"]
[EventCountry "BRA"]
[SourceTitle "playchess.com"]
[Source "ChessBase"]
[SourceQuality "1"]
[TimeControl "5400+30"]

1. d4 Nf6 2. Nf3 d5 3. c4 e6 4. g3 Be7 5. Bg2 O-O 6. O-O c5 7. cxd5 Nxd5 8. dxc5 Bxc5 9. a3 Nc6 10. b4 Be7 11. Bb2 {[%emt 0:00:18] E06: Closed Catalan: Early deviations} Bf6 12. Qb3 (12. Bxf6 Qxf6 13. Ra2 Bd7 14. Qc1 Rfc8 15. Qb2 a5 16. bxa5 Qxb2 17. Rxb2 Nxa5 18. Ne5 Be8 {0-1 (38) Blomqvist,E (2567)-Safarli,E (2691) London 2016}) 12... Bxb2 13. Qxb2 Bd7 14. Nbd2 Rc8 15. Rac1 Qe7 16. Rfd1 $146 ({Predecessor:} 16. Nc4 b6 17. Rfd1 Rfd8 18. e4 Nf6 {1-0 (38) Bochev,K (2075)-Yordanov,I (1624) Teteven 2018}) 16... Rfd8 17. e4 Nb6 18. e5 Be8 19. Ne4 Rxd1+ 20. Rxd1 Rd8 $14 21. Qc2 1/2-1/2

[Event "Ceara-ch 2019"]
[Site "Fortaleza"]
[Date "2019.11.24"]
[Round "4.3"]
[White "Silveira, Jose Wanderley Macie"]
[Black "Lima, Helio Viana Correia"]
[Result "1-0"]
[ECO "C45"]
[WhiteElo "1762"]
[BlackElo "1950"]
[Annotator "NA RC"]
[PlyCount "51"]
[EventDate "2019.11.17"]
[EventType "tourn"]
[EventCountry "BRA"]
[SourceTitle "playchess.com"]
[Source "ChessBase"]
[SourceQuality "1"]
[TimeControl "5400+30"]

1. e4 e5 2. Nf3 Nc6 3. d4 exd4 4. Nxd4 Nf6 5. Nxc6 bxc6 6. Qe2 {[%emt 0:00:36] C45: Scotch Game} a5 7. e5 Ba6 {[%emt 0:00:58] [#]} (7... Nd5 $11) 8. c4 $146 ({Predecessor:} 8. Qf3 $1 $16 Nd5 9. Bxa6 Rxa6 10. O-O Qh4 11. Nd2 Be7 12. Qe2 Ra8 13. Nf3 Qg4 {½-½ (41) Perunovic,M (2620)-Meister,J (2463) Berlin 2014}) 8... Bb4+ 9. Nd2 O-O $1 10. a3 Bxd2+ 11. Bxd2 Re8 12. Bg5 {[%emt 0:02:11] Pin} Qb8 {[%emt 0:13:32] [#]} (12... d6 $11 {keeps the balance.} 13. O-O-O Rxe5 14. Qxe5 dxe5 15. Rxd8+ Rxd8) 13. O-O-O $1 ({Of course not} 13. Bxf6 gxf6 14. Qg4+ Kf8 $14) 13... Nd5 {[%emt 0:00:21] [#]} 14. Qg4 $1 Ne7 15. Rxd7 Ng6 16. e6 $1 f6 $2 {[%emt 0:00:01] [#]} (16... Rxe6 $16 17. Rd8+ Qxd8 18. Bxd8 Rxd8) 17. Bxf6 $1 gxf6 18. Qh5 (18. Bd3 $142 f5 19. Qxf5) 18... Re7 19. Rxe7 Nxe7 20. Qf7+ Kh8 21. Qxf6+ ({Weaker is} 21. Qxe7 Qd8 $18) 21... Kg8 22. Qf7+ Kh8 23. Qxe7 Qb3 (23... Qd8 $18 24. Qf7 Qg5+ 25. f4 Qg7 26. Qxg7+ Kxg7) 24. Qf6+ Kg8 25. Qf7+ {[%emt 0:01:47] Double Attack} Kh8 26. e7 1-0

[Event "Ceara-ch 2019"]
[Site "Fortaleza"]
[Date "2019.11.24"]
[Round "5.4"]
[White "Barreto, Paulo Robson Rodrigu"]
[Black "Silveira, Jose Wanderley Macie"]
[Result "1-0"]
[ECO "A50"]
[WhiteElo "1692"]
[BlackElo "1762"]
[Annotator "NA RC"]
[PlyCount "71"]
[EventDate "2019.11.17"]
[EventType "tourn"]
[EventCountry "BRA"]
[SourceTitle "playchess.com"]
[Source "ChessBase"]
[SourceQuality "1"]
[TimeControl "5400+30"]

1. Nf3 b6 2. g3 Bb7 3. Bg2 Nf6 4. d4 d6 5. O-O g6 6. c4 Bg7 7. Nc3 O-O 8. Qc2 Nbd7 9. Rd1 a6 10. b4 a5 11. b5 c5 12. d5 Rb8 13. Bb2 Ng4 14. h3 Nge5 15. Nxe5 Nxe5 16. Na4 Bc8 17. f4 Nd7 18. e4 Bxb2 19. Qxb2 f6 20. Qd2 Qe8 21. Nb2 Rf7 22. Rac1 Rg7 23. Nd3 g5 24. Kh2 gxf4 25. gxf4 Qh5 26. Qf2 Nf8 27. f5 Rg5 28. Bf3 Qf7 29. h4 Rg7 30. Nf4 Qe8 31. Rg1 Qd7 32. Rxg7+ Kxg7 33. Qg3+ Kh6 34. Rg1 e5 35. dxe6 Qa7 36. Qg4 1-0

[Event "Ceara-ch 2019"]
[Site "Fortaleza"]
[Date "2019.11.24"]
[Round "5.5"]
[White "Brandao, Marcius Gomes"]
[Black "Lima, Alan Elkinson Lopes "]
[Result "1-0"]
[ECO "D91"]
[WhiteElo "2002"]
[BlackElo "1928"]
[Annotator "NA RC"]
[PlyCount "77"]
[EventDate "2019.11.17"]
[EventType "tourn"]
[EventCountry "BRA"]
[SourceTitle "playchess.com"]
[Source "ChessBase"]
[SourceQuality "1"]
[TimeControl "5400+30"]

1. c4 Nf6 2. Nc3 g6 3. d4 d5 4. Bg5 Ne4 5. Bf4 Nxc3 6. bxc3 Bg7 7. e3 c5 8. Nf3 Nc6 9. Rb1 {[%emt 0:09:58] D91: Grünfeld: 4 Nf3 Bg7 5 Bg5} cxd4 10. cxd4 O-O 11. Be2 dxc4 12. Bxc4 Na5 $146 ({Predecessor:} 12... Bf5 13. Rc1 Qa5+ 14. Qd2 Rac8 15. O-O Qxd2 16. Nxd2 e5 17. dxe5 Nxe5 18. Bxe5 Bxe5 {0-1 (54) Menetrier,M (2505)-Rause,O (2615) Yugoslavia 1998}) 13. Bd3 Be6 14. Qe2 Rc8 15. O-O Bc4 16. Bxc4 Rxc4 {[%emt 0:00:47] [#]} 17. Rxb7 $1 Qa8 $2 (17... Nxb7 $16 {was worth a try.} 18. Qxc4 Nd6 19. Bxd6 Qxd6) 18. Rb5 Ra4 19. Qc2 Ra3 $2 (19... Rc4 20. Qb1 Qd8) 20. Rfb1 Nc6 21. h4 h6 (21... Qe8 $142 22. h5 Nd8) 22. Rc5 Na5 23. Qb2 Ra4 24. Qc2 $2 ({White should try} 24. Nd2 $18) 24... Ra3 25. Rc7 Qd5 26. Rb2 a6 27. Nd2 e5 28. Rc5 Qd7 29. dxe5 Rd8 30. Ne4 Qg4 31. Nd6 Qxh4 32. Rc8 Kh7 33. Rbb8 Rd7 34. Nxf7 Rxf7 {[%emt 0:01:56] [#]} 35. e6 (35. Rh8+ $142 $3 Bxh8 {[#]} 36. Qc8 $1 {[%mdl 576] Double Attack} Qxf2+ 37. Kxf2 Rf8 38. Qxf8 {[%mdl 64] Double Attack} Rxa2+ 39. Kf3 $1 Rf2+ 40. Kxf2 h5 41. Qxh8#) 35... Rf5 {[%emt 0:05:15] [#]} 36. Qc7 $1 g5 37. Rg8 Qxf2+ 38. Kxf2 Rxa2+ 39. Kg1 1-0

[Event "Ceara-ch 2019"]
[Site "Fortaleza"]
[Date "2019.11.26"]
[Round "6.1"]
[White "Da Justa, Saulo Freitas"]
[Black "Lima, Alan Elkinson Lopes "]
[Result "1/2-1/2"]
[ECO "A16"]
[WhiteElo "1911"]
[BlackElo "1928"]
[Annotator "NA RC"]
[PlyCount "100"]
[EventDate "2019.11.17"]
[EventType "tourn"]
[EventCountry "BRA"]
[SourceTitle "playchess.com"]
[Source "ChessBase"]
[SourceQuality "1"]
[TimeControl "5400+30"]

1. Nf3 Nf6 2. c4 g6 3. g3 d5 4. Bg2 Bg7 5. O-O O-O 6. cxd5 Nxd5 7. Nc3 Nc6 8. Nxd5 Qxd5 9. d3 e5 10. Be3 Qd8 {[%emt 0:00:00] A16: English Opening: 1...Nf6 with ...d5} 11. Qa4 $146 ({Predecessor:} 11. Nd2 Nd4 12. Rc1 c6 13. Re1 {½-½ (13) Lewtak,D (2354)-Reza,W (2261) Suwalki 2019}) 11... Nd4 12. Nxd4 exd4 13. Bf4 c6 14. b4 Re8 15. Rfe1 Qb6 16. Rab1 Bg4 17. Rb2 Bf8 18. Qa5 Bf5 19. Kf1 Re7 20. Bg5 Rd7 21. a4 h5 22. Bd2 h4 23. gxh4 Bd6 24. h3 Qd8 25. Qxd8+ Raxd8 26. a5 (26. Bg5 $11) 26... a6 $1 27. Rc2 Be7 28. Bg5 f6 29. Bd2 Be6 30. Rb1 Bd5 31. Be4 Bxe4 32. dxe4 d3 33. Rcb2 Rd4 34. exd3 Rxd3 35. Be3 Kf7 36. Ke2 Ke6 37. f3 Ra3 38. Rd2 Rxd2+ 39. Bxd2 Ra2 40. Kd3 Ra3+ 41. Ke2 Ra2 42. f4 Bd6 43. f5+ (43. Kd3 $1 $11 {remains equal.}) 43... gxf5 44. exf5+ Kxf5 45. Rf1+ Kg6 (45... Ke6 $17 46. Re1 Bg3) 46. Kd3 (46. Rg1+ $11 Kf7 47. Rg4) 46... Ra3+ 47. Kc4 (47. Kc2 $1 $15) 47... Rxh3 48. Be1 Kf7 49. Rf5 Ke6 50. Rh5 $19 Re3 1/2-1/2

[Event "Ceara-ch 2019"]
[Site "Fortaleza"]
[Date "2019.11.26"]
[Round "6.2"]
[White "Silveira, Jose Wanderley Macie"]
[Black "Brandao, Marcius Gomes"]
[Result "0-1"]
[ECO "B27"]
[WhiteElo "1762"]
[BlackElo "2002"]
[Annotator "NA RC"]
[PlyCount "50"]
[EventDate "2019.11.17"]
[EventType "tourn"]
[EventCountry "BRA"]
[SourceTitle "playchess.com"]
[Source "ChessBase"]
[SourceQuality "1"]
[TimeControl "5400+30"]

1. e4 c5 2. Nf3 g6 3. c3 d5 4. exd5 (4. e5 Nc6 5. d4 cxd4 6. cxd4 Bg4 7. Bb5 Rc8 8. O-O a6 9. Be2 Nh6 10. h3 Bxf3 11. Bxf3 Nf5 12. Be3 e6 13. Nc3 Bg7 14. Bg4 Nxe3 15. fxe3 {1-0 (42) Caruana,F (2828)-Guseinov,G (2664) chess.com INT 2019}) 4... Qxd5 5. Na3 Bg7 6. Bc4 {[%emt 0:00:45] B27: Sicilian: 2 Nf3, unusual Black 2nd moves} Qe4+ 7. Qe2 Qxe2+ 8. Bxe2 Nf6 $146 ({Predecessor:} 8... a6 9. O-O Nc6 10. d3 Nf6 11. Be3 b6 12. Nc4 {0-1 (40) Gervais,X-Kalinitschew,S (2517) Illkirch-Graffenstaden 2004}) 9. Nb5 Na6 10. d4 O-O 11. dxc5 Nxc5 12. Be3 b6 13. h3 Nd5 14. Bd4 (14. Bd2 $15) 14... Nf4 15. Bxc5 bxc5 16. g3 (16. Bf1 {was forced.}) 16... Nxe2 ({Weaker is} 16... Nxh3 17. Rd1 $15) 17. Kxe2 Rb8 18. Nxa7 $2 (18. a4) 18... Rxb2+ 19. Ke3 Bh6+ 20. Ng5 Bxg5+ 21. f4 Bf6 22. Rhb1 Bxc3 23. Rxb2 Bxb2 24. Rb1 Bd4+ 25. Ke4 Bf5+ $19 {[%emt 1:12:20] Kxd4 Skewer} 0-1

[Event "Ceara-ch 2019"]
[Site "Fortaleza"]
[Date "2019.11.30"]
[Round "7.5"]
[White "Lima, Alan Elkinson Lopes "]
[Black "Silveira, Jose Wanderley Macie"]
[Result "1/2-1/2"]
[ECO "D45"]
[WhiteElo "1928"]
[BlackElo "1762"]
[Annotator "NA RC"]
[PlyCount "33"]
[EventDate "2019.11.17"]
[EventType "tourn"]
[EventCountry "BRA"]
[SourceTitle "playchess.com"]
[Source "ChessBase"]
[SourceQuality "1"]
[TimeControl "5400+30"]

1. Nf3 Nf6 2. d4 d5 3. c4 c6 4. e3 Nbd7 5. Nc3 e6 6. Qc2 a6 7. Bd3 dxc4 8. Bxc4 b5 9. Be2 c5 10. O-O Bb7 11. Rd1 Rc8 12. Qd2 Bd6 13. a3 Qe7 14. dxc5 Bxc5 15. b4 Bb6 16. Bb2 O-O 17. Qd6 $11 1/2-1/2

[Event "Ceara-ch 2019"]
[Site "Fortaleza"]
[Date "2019.12.01"]
[Round "8.1"]
[White "Da Justa, Saulo Freitas"]
[Black "Silveira, Jose Wanderley Macie"]
[Result "1-0"]
[ECO "D02"]
[WhiteElo "1911"]
[BlackElo "1762"]
[Annotator "NA RC"]
[PlyCount "57"]
[EventDate "2019.11.17"]
[EventType "tourn"]
[EventCountry "BRA"]
[SourceTitle "playchess.com"]
[Source "ChessBase"]
[SourceQuality "1"]
[TimeControl "5400+30"]

1. d4 Nf6 2. Nf3 d5 3. c3 c6 4. Qc2 Nbd7 5. Bf4 g6 6. Nbd2 Bg7 7. e3 a5 8. Be2 a4 9. O-O Nh5 10. Bg5 h6 11. Bh4 g5 12. Ne1 Ndf6 13. Bg3 Nxg3 14. fxg3 Ng4 15. Qd3 e5 {[%emt 0:00:07] [#]} 16. h3 $1 Nf6 17. dxe5 Nd7 18. e6 Ne5 19. exf7+ Kf8 20. Qb1 (20. Qc2 $16) 20... Qb6 21. Nc2 $14 ({White should play} 21. Bh5 $16) 21... Qc5 22. Nd4 a3 23. Qc2 axb2 24. Qxb2 Nc4 25. Nxc4 dxc4 26. Bg4 Bxg4 27. Qxb7 Ra7 28. Qb8+ Ke7 29. Qxh8 1-0

[Event "Ceara-ch 2019"]
[Site "Fortaleza"]
[Date "2019.12.01"]
[Round "9.1"]
[White "Lima, Helio Viana Correia"]
[Black "Da Justa, Saulo Freitas"]
[Result "1-0"]
[ECO "D02"]
[WhiteElo "1950"]
[BlackElo "1911"]
[Annotator "NA RC"]
[PlyCount "95"]
[EventDate "2019.11.17"]
[EventType "tourn"]
[EventCountry "BRA"]
[SourceTitle "playchess.com"]
[Source "ChessBase"]
[SourceQuality "1"]
[TimeControl "5400+30"]

1. d4 d5 2. Bf4 e6 3. e3 Nf6 4. c3 Bd6 5. Bg3 O-O 6. Nd2 c5 7. Bd3 Nc6 8. Ngf3 h6 {[%emt 0:02:01] D02: 1 d4 d5 2 Nf3 sidelines, including 2...Nf6 3 g3 and 2...Nf6 3 Bf4} (8... Qe7 9. Ne5 Nd7 10. Nxd7 Qxd7 11. Bxd6 Qxd6 12. dxc5 Qxc5 13. Bxh7+ Kxh7 14. Qh5+ Kg8 15. Ne4 g6 {½-½ (15) Riazantsev,A (2645)-Popov,I (2604) Moscow 2019}) 9. Qe2 Re8 10. Ne5 Qe7 11. f4 $146 ({Predecessor:} 11. e4 Nd7 12. Nxd7 cxd4 13. e5 dxc3 14. bxc3 Ba3 15. Nf6+ gxf6 16. Qg4+ Kh8 17. Qh5 f5 18. Bf4 Qf8 19. Bxh6 Qg8 20. Bf8+ {1-0 (20) Gomez Ledo,R (2442)-Cuevas Fernandez,J (2128) Lisbon 2018}) 11... Nd7 12. Qh5 c4 13. Bc2 f5 14. Bh4 Qf8 15. g4 Bxe5 16. dxe5 Qf7 17. Qxf7+ Kxf7 18. gxf5 exf5 19. O-O-O Nc5 20. Nf3 Be6 21. Rhg1 b5 22. Be1 a5 23. Nh4 Ne7 24. Rd2 g6 25. Rdg2 Rg8 26. Nf3 Ne4 27. Nd4 Bd7 28. Bh4 Ra6 (28... Rae8 $142 29. a3 Nc8) 29. Bxe7 Kxe7 30. Bxe4 dxe4 31. h4 b4 {[%emt 0:00:00] [#]} 32. e6 $1 Be8 {[%emt 0:00:15] [#]} 33. Nxf5+ $1 {[%emt 0:00:41] Double Attack, Pin} Kxe6 34. Nxh6 Rf8 35. Ng4 Rh8 $18 36. Ne5 Rxh4 37. Rxg6+ Bxg6 38. Rxg6+ Kf5 39. Rxa6 Rh1+ 40. Kd2 Rh2+ 41. Ke1 Rh1+ 42. Kf2 Rh2+ 43. Kg3 bxc3 44. bxc3 Rh1 45. Nxc4 Rc1 46. Nd6+ Ke6 47. Nxe4+ Kf5 48. Kf3 1-0